 Dungeon Crawl Stone Soup version 0.31-a0-1576-ga3383bade6 (webtiles) character file.

Game seed: 4809510130683384697

48 bearlyready the Cudgeller (level 3, 0/36 HPs)
             Began as an Oni Warper on Dec 27, 2023.
             Slain by a gnoll
             ... wielding a +0 club
              (3 damage)
             ... on level 1 of the Dungeon on Jan 5, 2024.
             The game lasted 00:02:10 (1104 turns).

bearlyready the Cudgeller (Oni Warper)              Turns: 1104, Time: 00:02:10

Health: 0/36       AC:  3    Str: 17    XL:     3   Next: 72%
Magic:  6/6        EV:  9    Int: 14    God:
Gold:   75         SH:  0    Dex:  8    Spells: 6/6 levels left

rFire   . . .        a - +0 mace
rCold   . . .        (no shield)
rNeg    . . .        b - +0 robe
rPois   .            (helmet restricted)
rElec   .            (no cloak)
rCorr   .            (gloves unavailable)
SInv    .            (boots unavailable)
Will    .....        (no amulet)
Stlth   +            (no ring)
HPRegen 0.26/turn    (no ring)
MPRegen 0.10/turn

%: no passive effects
@: brilliant
A: large, unfitting armour, horns 1, tough skin 1, double potion healing,
drunken brawling
a: no special abilities


You were on level 1 of the Dungeon.
You visited 1 branch of the dungeon, and saw 2 of its levels.

You collected 75 gold pieces.

Inventory:

Hand Weapons
 a - a +0 mace (weapon)
Missiles
 d - 7 darts of dispersal (quivered)
 e - 12 atropa-tipped darts
 k - 2 datura-tipped darts
 o - 3 large rocks
Armour
 b - a +0 robe (worn)
 l - a +0 scale mail
Scrolls
 c - a scroll of blinking
 f - 6 scrolls of identify {unknown}
 g - a scroll of teleportation {unknown}
 n - 2 scrolls of amnesia {unknown}
 p - a scroll of fear {unknown}
Potions
 h - a potion of brilliance
 i - 2 potions of haste {unknown}
 j - a potion of degeneration {unknown}
 m - 2 potions of curing {unknown}


   Skills:
 - Level 2.6 Fighting
 + Level 4.0 Maces & Flails
 - Level 1.0 Throwing
 - Level 2.1 Dodging
 - Level 2.4 Spellcasting
 - Level 2.6 Translocations


You had 6 spell levels left.
You didn't know any spells.
Your spell library contained the following spells:

 Spells                   Type           Power      Damage    Failure   Level
 Blink                    Tloc           26%        N/A       12%         2
 Lesser Beckoning         Tloc           26%        N/A       12%         2
 Teleport Other           Tloc           13%        N/A       22%         3
 Manifold Assault         Tloc           13%        N/A       58%         4
 Vhi's Electric Charge    Tloc/Air       16%        N/A       78%         4
 Malign Gateway           Summ/Tloc      4%         N/A       100%        7
 Summon Horrible Things   Summ           1%         N/A       100%        8


Dungeon Overview and Level Annotations

Branches:
Dungeon (2/15)

Altars:


Innate Abilities, Weirdness & Mutations

You are too large for most types of armour.
You have a pair of small horns on your head.
You have tough skin. (AC +1)
You gain doubled healing and magic from potions.
Whenever you drink a healing potion, you attack all around you.


Message History

You headbutt the gnoll, but do no damage.
The gnoll is severely wounded.
The gnoll hits you with a +0 whip. The gnoll hits you with a +0 club.
You are too injured to fight recklessly!
You are too injured to fight recklessly!
You are too injured to fight recklessly!
You are too injured to fight recklessly!
You are too injured to fight recklessly!
You are too injured to fight recklessly!
You are too injured to fight recklessly!
You are too injured to fight recklessly!
You are too injured to fight recklessly!
You are too injured to fight recklessly!
There is a stone staircase leading up here.
The gnoll hits you with a +0 whip.
You climb upwards.
There is a stone staircase leading down here.
You hit the gnoll.
You kill the gnoll!
Your Maces & Flails skill increases to level 4!
You see here a +0 whip.
There is a stone staircase leading down here.
You start resting.
HP restored.
You climb downwards.
The gnoll barely misses you. The gnoll hits you with a +0 whip.
There is a stone staircase leading up here.
The gnoll hits you with a +0 club. The gnoll completely misses you.
You climb upwards.
There is a stone staircase leading down here.
You hit the gnoll. You headbutt the gnoll!
The gnoll is severely wounded.
The gnoll hits you with a +0 club! The gnoll hits you with a +0 whip!
The gnoll misses you.
It was a potion of brilliance.
You feel clever all of a sudden. The gnoll hits you with a +0 whip!
* * * LOW HITPOINT WARNING * * *
The gnoll hits you with a +0 club.
You die...

######### #gg..>..#
#@......# #.......# ##
#.......##### #.
#.....÷.....######
#.......#.#.......
#########..######.
#####......÷.......
##.†...#####.#####..
########..#########..####..


You could see 2 gnolls.

Vanquished Creatures
  A gnoll (D:1)
  2 dart slugs
  3 bats
  4 endoplasms
  3 giant cockroaches
  3 goblins
  2 hobgoblins (D:1)
  2 kobolds (D:1)
  3 quokkas
  2 ball pythons
  A frilled lizard (D:2)
  4 rats (D:1)
30 creatures vanquished.

Notes
Turn   | Place    | Note
-------+----------+-------------------------------------------
     0 | D:1      | bearlyready the Oni Warper began the quest for the Orb.
     0 | D:1      | Reached XP level 1. HP: 22/22 MP: 3/3
    87 | D:1      | Reached XP level 2. HP: 20/29 MP: 5/5
   277 | D:1      | Reached skill level 3 in Maces & Flails
   478 | D:1      | Reached XP level 3. HP: 32/36 MP: 6/6
   938 | D:2      | Upgraded the game from 0.31-a0-1424-g2add1c7226 to
                  | 0.31-a0-1576-ga3383bade6
  1027 | D:1      | Reached skill level 4 in Maces & Flails
  1104 | D:1      | Slain by a gnoll

Illustrated notes

Levels and vault maps discovered:
D:1:      amcnicky_arrival_underground_garden, layout_rooms
D:2:      layout_rooms

Skill      XL: |  1  2  3 |
---------------+----------+-----
Maces & Flails | 3 4 |  4.0
Fighting       | |  2.6
Throwing       | |  1.0
Dodging        | |  2.1
Spellcasting   | |  2.4
Translocations | |  2.6

Action                     || total
---------------------------++-------
  Melee: Mace              ||   104
         Headbutt          ||    14
         Punch             ||     2
    Use: Potion            ||     1
   Stab: Sleeping          ||     1
 Armour: Robe              ||    91
  Dodge: Dodged            ||    63

Table legend: (Time is in decaauts)
 A = Elapsed time spent in this place.
 B = Non-inter-level travel time spent in this place.
 C = Inter-level travel time spent in this place.
 D = Time resting spent in this place.
 E = Time spent auto-exploring this place.
 F = Levels seen in this place.
 G = Mean time per level.
                   A        B        C        D        E       F      G
               +--------+--------+--------+--------+--------+-----+--------+
         Total |   1131 |   1108 |     23 |     70 |    766 |   2 |  565.5 |
       Dungeon |   1131 |   1108 |     23 |     70 |    766 |   2 |  565.5 |
               +--------+--------+--------+--------+--------+-----+--------+

Top non-repeatable levels by time:
     D:1: 750 daAuts
     D:2: 381 daAuts
